 Dungeon Crawl Stone Soup version 0.29-a0-82-g837932c90e (webtiles) character file.

Game seed: 3930356281176580821

29 testman the Sneak (level 3, -8/24 HPs)
             Began as a Kobold Delver on Feb 4, 2022.
             Was an Initiate of Nemelex Xobeh.
             Mangled by a yak (17 damage)
             ... on level 5 of the Dungeon.
             The game lasted 00:03:49 (241 turns).

testman the Sneak (Kobold Delver)                    Turns: 241, Time: 00:03:49

Health: -8/24      AC:  3    Str:  9    XL:     3   Next: 32%
Magic:  3/3        EV: 14    Int: 11    God:    Nemelex Xobeh [......]
Gold:   0          SH:  0    Dex: 18    Spells: 2/2 levels left

rFire   . . .      SeeInvis .   a - +0 short sword
rCold   . . .      Faith    .   (no shield)
rNeg    . . .      Spirit   .   b - +0 leather armour
rPois   .          Reflect  .   (no helmet)
rElec   .          Harm     .   (no cloak)
rCorr   .          Rampage  .   (no gloves)
Will    .....                   (no boots)
Stlth   ++++......              (no amulet)
HPRegen 0.08/turn               (no ring)
MPRegen 0.08/turn               (no ring)

@: hasted, very quick
A: small, no large weapons, nightstalker 3
a: Renounce Religion, Draw Escape, Draw Destruction, Draw Summoning


You were on level 5 of the Dungeon.
You worshipped Nemelex Xobeh.
Nemelex Xobeh was noncommittal.
You visited 1 branch of the dungeon, and saw 1 of its levels.

Inventory:

Hand Weapons
 a - a +0 short sword (weapon)
Armour
 b - a +0 leather armour (worn)
Wands
 g - a wand of digging (3)
Scrolls
 c - a scroll of fog
 d - a scroll of magic mapping
 h - a scroll of identify {unknown}


   Skills:
 + Level 4.0 Fighting
 + Level 3.8 Short Blades
 - Level 2.4 Dodging
 + Level 6.6 Stealth
 + Level 0.0 Invocations


You had 2 spell levels left.
You didn't know any spells.
Your spell library was empty.

Dungeon Overview and Level Annotations

Branches:
Dungeon (5/15)
 Temple: D:4-7

Altars:
Nemelex Xobeh


Innate Abilities, Weirdness & Mutations

You are small and have problems with some larger weapons.
You are completely attuned to the shadows.


Message History

There is an open door here.
You start waiting.
A bullfrog zombie is nearby!
You start waiting.
A bullfrog zombie is nearby!
There is a stone staircase leading down here.
You open the door.
Found 2 atropa-tipped darts.
There is an open door here.
Nemelex Xobeh says, "Through this portal lies a prize... or peril!" "Beware!
This is a limited time offer!"
Found a scroll labelled XUMOMA DIGELE.
Found a sparkling altar of Nemelex Xobeh.
Found a transporter.
There is a sparkling altar of Nemelex Xobeh here.
There is a transporter here.
Found a phantom mirror.
There is a sparkling altar of Nemelex Xobeh here.
You kneel at the altar of Nemelex Xobeh.
Nemelex Xobeh welcomes you!
You can now draw from decks of power.
The yak bellows!
There is a transporter here.
Nemelex Xobeh says, "You lose!"
A transporter appears.
You enter the transporter and appear at another place.
An orc warrior comes into view. It is wielding a +0 flail.
Okay, then.
Okay, then.
There is a transporter here.
You enter the transporter and appear at another place.
The yak gores you!
Ouch! That really hurt!
Okay, then.
Okay, then.
Okay, then.
You feel yourself speed up. The yak gores you!
Ouch! That really hurt!
You die...
Your body disappears without a glow.

#.# ▓▓▓▓▓▓▓ #.#
▓⌠...⌠▓ #######.#
▓.....▓
#.......##▓©...©▓
#........#▓.....▓
#......>.#▓⌠.o.⌠▓
########.#▓▓▓▓▓▓▓
#.#.....Y#
#.'...._@#
###.....§#
#▓▓▓▓▓▓▓ ▓⌠...⌠▓
▓..(?.▓ ▓.}8.©▓


You could see a yak and an orc warrior (wandering).

Vanquished Creatures
  A bullfrog skeleton (D:5)
  An orc (D:5)
2 creatures vanquished.

Notes
Turn   | Place    | Note
-------+----------+-------------------------------------------
     0 | D:5      | testman the Kobold Delver began the quest for the Orb.
     0 | D:5      | Reached XP level 1. HP: 14/14 MP: 1/1
    22 | D:5      | Reached XP level 2. HP: 18/20 MP: 2/2
    22 | D:5      | Reached XP level 3. HP: 22/24 MP: 3/3
    77 | D:5      | Noticed a scorpion
   219 | D:5      | Noticed a yak
   220 | D:5      | Found a sparkling altar of Nemelex Xobeh.
   221 | D:5      | Found a transporter.
   233 | D:5      | Became a worshipper of Nemelex Xobeh the Trickster
   235 | D:5      | Noticed an orc warrior
   241 | D:5      | Mangled by a yak

Illustrated notes

Levels and vault maps discovered:
D:5:      layout_basic, lemuel_zombie_altar_yredelemnul, old_standard_altar,
          grunt_nemelex_the_gamble, uniq_grinder, uniq_duvessa

Skill      XL: |  1 |
---------------+----+-----
Fighting       | 4 |  4.0
Short Blades   | 3 |  3.8
Dodging        | |  2.4
Stealth        | |  6.6

Action                   || total
-------------------------++-------
Melee: Short sword       ||     9
  Use: Scroll            ||     1
       Potion            ||     1
 Stab: Sleeping          ||     2
Dodge: Dodged            ||     8

Table legend: (Time is in decaauts)
 A = Elapsed time spent in this place.
 B = Non-inter-level travel time spent in this place.
 C = Inter-level travel time spent in this place.
 D = Time resting spent in this place.
 E = Time spent auto-exploring this place.
 F = Levels seen in this place.
 G = Mean time per level.
                   A        B        C        D        E       F      G
               +--------+--------+--------+--------+--------+-----+--------+
         Total |    240 |    240 |      0 |     30 |     15 |   1 |  240.0 |
       Dungeon |    240 |    240 |      0 |     30 |     15 |   1 |  240.0 |
               +--------+--------+--------+--------+--------+-----+--------+

Top non-repeatable levels by time:
     D:5: 240 daAuts
